 Dungeon Crawl Stone Soup version 0.20.1-1-g8b1a95d66d (webtiles) character file.

13846 Pixllover the Basher (level 11, -9/151 HPs)
             Began as a Minotaur Berserker on Jan 6, 2018.
             Was a High Priest of Trog.
             Mangled by a killer bee (13 damage)
             ... on level 2 of the Lair of Beasts on Jan 7, 2018.
             The game lasted 00:46:08 (10835 turns).

Pixllover the Basher (Minotaur Berserker)          Turns: 10835, Time: 00:46:11

Health: -9/151     AC: 17    Str: 30      XL:     11   Next: 80%
Magic:  10/10      EV: 13    Int:  3 (4)  God:    Trog [*****.]
Gold:   846        SH:  7    Dex:  9 (10) Spells: 10/10 levels left

rFire    . . .     SeeInvis +   b - +3 great mace (drain)
rCold    . . .     Gourm    .   (shield currently unavailable)
rNeg     . . .     Faith    .   q - +5 scale mail
rPois    .         Spirit   .   (helmet unavailable)
rElec    .         Reflect  +   (no cloak)
rCorr    .         Harm     .   C - +0 pair of gloves
MR       .....                  j - +1 pair of boots
Stlth    ..........             v - +3 amulet of reflection
Regen    0.4/turn               (no ring)
MPRegen  0.2/turn               (no ring)

@: berserking, lethally poisoned (-9 -> -48), very quick
A: retaliatory headbutt, horns 3, large bone plates 1, see invisible
a: Berserk, Trog's Hand, Brothers in Arms, Burn Spellbooks, Renounce Religion


You were on level 2 of the Lair of Beasts.
You worshipped Trog.
Trog was extremely pleased with you.
You were not hungry.

You visited 2 branches of the dungeon, and saw 11 of its levels.

You collected 911 gold pieces.
You spent 65 gold pieces at shops.

Inventory:

Hand Weapons
 b - a +3 great mace of draining (weapon)
Missiles
 a - 3 tomahawks of dispersal
 p - a javelin of penetration (quivered)
Armour
 j - a +1 pair of boots (worn)
 q - a +5 scale mail (worn)
 C - a +0 pair of gloves (worn)
Jewellery
 v - a +3 amulet of reflection (around neck)
Wands
 e - a wand of confusion (19/48)
 g - a wand of random effects (29/48)
 z - a wand of flame (21/48)
 B - a wand of polymorph (12/24)
Scrolls
 m - 4 scrolls of remove curse
 n - a scroll of identify
 u - 2 scrolls of recharging
 w - 3 scrolls of teleportation
 A - a scroll of fog
Potions
 f - 2 potions of heal wounds
 h - 2 potions of curing
 k - 3 potions of might
 o - a potion of haste
 r - a potion of magic {unknown}
 s - a potion of agility {unknown}
 t - a potion of resistance
Comestibles
 c - 5 bread rations
 d - 6 meat rations
 i - 3 fruits
 l - 2 chunks of flesh
 x - 3 royal jellies


   Skills:
 + Level 10.9 Fighting
 + Level 14.9 Maces & Flails
 + Level 0.8 Throwing
 + Level 10.8 Armour
 + Level 7.3 Dodging
 + Level 2.0 Stealth
 + Level 2.1 Unarmed Combat


You had 10 spell levels left.
You didn't know any spells.

Dungeon Overview and Level Annotations

Branches:
Dungeon (9/15)             Temple (0/1) D:4            Lair (2/6) D:9
    Orc (0/2) D:9
  Swamp: Lair:2-4    Shoals: Lair:2-4     Snake: Lair:2-4    Spider: Lair:2-4

Altars:
Cheibriados
Nemelex Xobeh
Qazlal
Sif Muna
Trog
Xom
Yredelemnul

Shops:
D:6 !

Annotations:
D:9 exclusion: ice statue


Innate Abilities, Weirdness & Mutations

You reflexively headbutt those who attack you in melee.
You have a pair of large horns on your head.
You are partially covered in large bone plates. (SH +4)
You have supernaturally acute eyesight. (SInv)


Message History

You kill the killer bee!
Trog accepts your kill. The killer bee stings you.
* * * LOW HITPOINT WARNING * * *
You are more poisoned.
The killer bee poisons you! The killer bee stings you.
* * * LOW HITPOINT WARNING * * *
You block the killer bee's attack.
The queen bee calls on the killer bee to defend it!
The killer bee goes berserk!
The queen bee calls on the killer bee to defend it!
The killer bee goes berserk!
You hit the queen bee.
You kill the queen bee!
Trog accepts your kill.
* * * LOW HITPOINT WARNING * * *
You feel very sick.
The killer bee stings you but does no damage. x2
The killer bee stings you!
You die...

8.....#.# .........#
###.##... .####..#.#
###.#...).. #.# ....#
#.#....... ... #..#.#
.......# ... .....
#......# .8. ...
##...y..# ...
##.##..(kyy.#.%. ...
#P..##..@y.yy.%. ###
#......yy..#%.. .####
##.....yy..# ....###
##..##......... 8.....#
#.#.............
....#.####.####.........
....+..###..####........
#...#.........###.......
####.#........###P......


You could see a rime drake and 10 killer bees.

Vanquished Creatures
  3 two-headed ogres (D:9)
  Nergalle (Lair:2)
  7 spiny frogs
  3 komodo dragons
  A troll (D:9)
  3 hippogriffs
  A queen bee (Lair:2)
  2 wyverns
  A human (D:7)
  4 hogs (D:7)
  3 water moccasins
  4 porcupines
  4 orc warriors
  An ice beast (D:7)
  3 phantoms
  A necrophage (D:8)
  4 ogres
  21 wolves
  3 centaurs
  6 bullfrogs
  A gnoll sergeant (D:8)
  6 scorpions
  12 killer bees (Lair:2)
  3 wights (D:9)
  3 howler monkeys
  3 crimson imps
  A bullfrog zombie (D:5)
  4 hounds
  9 orc wizards
  4 orc priests
  2 centaur skeletons
  2 jellies
  2 bullfrog skeletons
  3 iguanas
  Natasha (twice) (D:3)
  4 worker ants
  A killer bee zombie (D:8)
  A hound zombie (D:5)
  2 hound skeletons
  Robin (D:3)
  9 adders
  12 gnolls
  A shadow imp (D:5)
  4 oozes
  An adder zombie (D:7)
  6 worms
  A dart slug (D:2)
  4 leopard geckos
  29 orcs
  10 bats
  6 giant cockroaches
  12 goblins
  9 hobgoblins
  8 jackals
  3 kobolds
  2 quokkas
  6 frilled lizards
  A giant cockroach zombie (D:3)
  A leopard gecko skeleton (D:7)
  A leopard gecko zombie (D:7)
  6 rats
274 creatures vanquished.

Vanquished Creatures (others)
  A worker ant (D:4)
  An orc (D:9)
  A fungus (Lair:1)
3 creatures vanquished.

Grand Total: 277 creatures vanquished

Notes
Turn   | Place    | Note
-------+----------+-------------------------------------------
     0 | D:1      | Pixllover the Minotaur Berserker began the quest for the Orb.
     0 | D:1      | Reached XP level 1. HP: 19/19 MP: 0/0
   582 | D:1      | Reached XP level 2. HP: 27/27 MP: 1/1
   936 | D:2      | Reached skill level 4 in Maces & Flails
  1017 | D:2      | Reached XP level 3. HP: 32/33 MP: 2/2
  1364 | D:2      | Reached ** piety under Trog
  1470 | D:2      | Reached XP level 4. HP: 16/41 MP: 3/3
  1654 | D:2      | Reached skill level 5 in Maces & Flails
  2008 | D:3      | Reached XP level 5. HP: 44/47 MP: 4/4
  2305 | D:3      | Noticed Robin
  2313 | D:3      | Noticed Natasha
  2314 | D:3      | Killed Robin
  2317 | D:3      | Killed Natasha
  2317 | D:3      | Reached *** piety under Trog
  2317 | D:3      | Reached skill level 6 in Maces & Flails
  2672 | D:3      | Noticed Natasha
  2688 | D:3      | Killed Natasha
  2688 | D:3      | Received a gift from Trog
  2688 | D:3      | Reached XP level 6. HP: 21/55 MP: 5/5
  2963 | D:4      | You fall through a shaft!
  2963 | D:5      | Entered Level 5 of the Dungeon
  2971 | D:4      | Found a shimmering altar of Xom.
  2994 | D:4      | Reached skill level 5 in Fighting
  3290 | D:4      | Reached skill level 7 in Maces & Flails
  3409 | D:4      | Found a staircase to the Ecumenical Temple.
  3432 | D:4      | Reached XP level 7. HP: 49/61 MP: 6/6
  3573 | D:4      | Reached skill level 5 in Armour
  3810 | D:5      | Found a shimmering altar of Xom.
  3862 | D:5      | Reached skill level 8 in Maces & Flails
  4573 | D:6      | Got a heavy robe
  4574 | D:6      | Identified the +1 robe of the Gloaming {Int+4} (You found it on level 6 of the Dungeon)
  4705 | D:6      | Reached XP level 8. HP: 28/70 MP: 7/7
  4726 | D:6      | Reached skill level 9 in Maces & Flails
  4984 | D:6      | Gained mutation: You possess an exceptional clarity of mind. [potion of mutation]
  4984 | D:6      | Gained mutation: You are partially covered in iridescent scales. (AC +2) [potion of mutation]
  4985 | D:6      | Lost mutation: You possess an exceptional clarity of mind. [potion of mutation]
  4985 | D:6      | Lost mutation: You are partially covered in iridescent scales. (AC +2) [potion of mutation]
  4985 | D:6      | Gained mutation: You are occasionally teleported next to monsters. [potion of mutation]
  4985 | D:6      | Gained mutation: Your mind is acute. (Int +2) [potion of mutation]
  4985 | D:6      | Gained mutation: Your flesh is cold resistant. (rC+) [potion of mutation]
  4986 | D:6      | Lost mutation: Your mind is acute. (Int +2) [potion of mutation]
  4986 | D:6      | Lost mutation: You are occasionally teleported next to monsters. [potion of mutation]
  4986 | D:6      | Lost mutation: Your flesh is cold resistant. (rC+) [potion of mutation]
  4986 | D:6      | Gained mutation: Your magical capacity is low. (-10% MP) [potion of mutation]
  4986 | D:6      | Gained mutation: You are partially covered in iridescent scales. (AC +2) [potion of mutation]
  4986 | D:6      | Gained mutation: Your mind is acute. (Int +2) [potion of mutation]
  5026 | D:6      | Reached **** piety under Trog
  5376 | D:6      | Found Kapp's Distillery.
  5379 | D:6      | Bought a potion of heal wounds for 65 gold pieces
  5927 | D:7      | Reached skill level 10 in Maces & Flails
  5927 | D:7      | Reached XP level 9. HP: 8/79 MP: 7/7
  6273 | D:7      | Reached skill level 1 in Stealth
  6388 | D:7      | Found a bloodstained altar of Trog.
  6388 | D:7      | Found a deep blue altar of Sif Muna.
  6397 | D:7      | Found a snail-covered altar of Cheibriados.
  6404 | D:7      | Found a stormy altar of Qazlal.
  6406 | D:7      | Found a basalt altar of Yredelemnul.
  6798 | D:8      | Reached skill level 11 in Maces & Flails
  6816 | D:8      | Reached ***** piety under Trog
  7251 | D:8      | Found a sparkling altar of Nemelex Xobeh.
  7508 | D:8      | Reached skill level 5 in Dodging
  7908 | D:9      | Found a staircase to the Orcish Mines.
  7924 | D:9      | Reached XP level 10. HP: 88/88 MP: 8/8
  7942 | D:9      | Reached skill level 1 in Unarmed Combat
  7955 | D:9      | Reached skill level 12 in Maces & Flails
  8151 | D:9      | Noticed a two-headed ogre
  8167 | D:9      | Killed a two-headed ogre
  8893 | D:9      | Noticed a two-headed ogre
  8900 | D:9      | Killed a two-headed ogre
  9014 | D:9      | Received a gift from Trog
  9014 | D:9      | Reached skill level 10 in Armour
  9048 | D:9      | Noticed an ice statue
  9085 | D:9      | Noticed a two-headed ogre
  9088 | D:9      | Killed a two-headed ogre
  9088 | D:9      | Reached skill level 13 in Maces & Flails
  9131 | D:9      | Found a staircase to the Lair.
  9299 | Lair:1   | Entered Level 1 of the Lair of Beasts
  9391 | Lair:1   | Reached XP level 11. HP: 77/97 MP: 8/8
  9608 | Lair:1   | Reached skill level 14 in Maces & Flails
  9610 | Lair:1   | Reached skill level 10 in Fighting
  9881 | Lair:1   | Lost mutation: Your mind is acute. (Int +2) [potion of mutation]
  9881 | Lair:1   | Lost mutation: Your magical capacity is low. (-10% MP) [potion of mutation]
  9881 | Lair:1   | Gained mutation: You have supernaturally acute eyesight. (SInv) [potion of mutation]
  9881 | Lair:1   | Lost mutation: You are partially covered in iridescent scales. (AC +2) [potion of mutation]
  9881 | Lair:1   | Gained mutation: You are partially covered in large bone plates. (SH +4) [potion of mutation]
  9881 | Lair:1   | Gained mutation: You have a pair of large horns on your head. [potion of mutation]
 10474 | Lair:2   | Noticed Nergalle
 10482 | Lair:2   | Killed Nergalle
 10831 | Lair:2   | Received a gift from Trog
 10834 | Lair:2   | HP: 7/151 [killer bee (1)]
 10835 | Lair:2   | Mangled by a killer bee

Skill      XL: |  1  2  3  4  5  6  7  8  9 10 11 |
---------------+----------------------------------+-----
Fighting       | 4 5 7 8 9 10 | 10.9
Maces & Flails | 4 5 6 7 8 10 11 13 14 | 14.9
Dodging        | 3 4 5 7 |  7.3
Armour         | 3 4 5 7 9 10 | 10.8
Stealth        | 1 2 |  2.0
Unarmed Combat | 2 |  2.1
Throwing       | |  0.8

Action                   |  1- 3 |  4- 6 |  7- 9 | 10-12 || total
-------------------------+-------+-------+-------+-------++-------
Melee: Mace              |    60 |   152 |   293 |   101 ||   606
       Headbutt          |     7 |    26 |    61 |    44 ||   138
       Unarmed           |       |       |    19 |       ||    19
       Great mace        |       |       |       |   153 ||   153
       Punch             |       |       |       |     2 ||     2
Throw: Javelin           |       |       |       |     2 ||     2
Invok: Berserk           |     1 |     3 |     4 |     4 ||    12
       Burn Spellbooks   |       |       |     1 |     3 ||     4
  Use: Scroll            |       |     9 |    11 |     4 ||    24
       Potion            |       |     2 |     9 |     3 ||    14
  Eat: Chunk             |     3 |     9 |     9 |     8 ||    29
       Fruit             |       |       |     2 |       ||     2
       Bread ration      |       |       |     1 |     1 ||     2
       Royal jelly       |       |       |     1 |     1 ||     2
Armor: Animal skin       |    12 |     1 |       |       ||    13
       Scale mail        |       |   136 |   142 |   182 ||   460
       Skin              |       |       |     3 |       ||     3
Dodge: Dodged            |    44 |   143 |   202 |   222 ||   611
Block: Other             |       |       |       |    88 ||    88
